 Dungeon Crawl Stone Soup version 0.26-a0-966-gd078a86f14 (webtiles) character file.

Game seed: 2812935527596873703

3409 pkoi the Grappler (level 9, -31/74 HPs)
             Began as a Minotaur Monk on Dec 4, 2020.
             Was a Priest of Makhleb.
             Hit by a large rock thrown by a cyclops (40 damage)
             ... on level 8 of the Dungeon.
             The game lasted 00:09:38 (5468 turns).

pkoi the Grappler (Minotaur Monk)                   Turns: 5468, Time: 00:09:39

Health: -31/74     AC:  6    Str: 19    XL:     9   Next: 75%
Magic:  10/14      EV: 12    Int:  7    God:    Makhleb [***...]
Gold:   296        SH:  0    Dex: 13    Spells: 8/8 levels left

rFire    . . .     SeeInvis .     - Unarmed
rCold    + . .     Faith    .   (no shield)
rNeg     . . .     Spirit   .   D - +0 ring mail (curse)
rPois    .         Reflect  .   (helmet restricted)
rElec    .         Harm     .   (no cloak)
rCorr    +         Rampage  .   n - +0 pair of gloves
MR       .....                  (no boots)
Stlth    +.........             e - amulet of regeneration
HPRegen  0.62/turn              d - ring of resist corrosion
MPRegen  0.14/turn              G - ring of protection from cold

@: studying Poison Magic
A: retaliatory headbutt, horns 2
a: Minor Destruction, Lesser Servant of Makhleb, Renounce Religion


You were on level 8 of the Dungeon.
You worshipped Makhleb.
Makhleb was most pleased with you.
You visited 2 branches of the dungeon, and saw 9 of its levels.

You collected 450 gold pieces.
You spent 154 gold pieces at shops.

Inventory:

Missiles
 l - 47 poisoned darts (quivered)
 s - 2 javelins
 w - 7 curare-tipped darts
Armour
 a - a +0 robe
 m - a +0 plate armour
 n - a +0 pair of gloves (worn)
 D - a cursed +0 ring mail (worn)
Jewellery
 d - a ring of resist corrosion (left hand)
 e - an amulet of regeneration (around neck)
 p - an uncursed ring of fire
 E - an uncursed amulet of reflection
 G - a ring of protection from cold (right hand)
Wands
 h - a wand of paralysis (4)
 y - a wand of digging (4)
Scrolls
 c - 9 scrolls of identify
 f - 2 scrolls of magic mapping
 g - 4 scrolls of remove curse
 i - 10 scrolls of teleportation
 o - a scroll of fear
 x - a scroll of fog
 C - a scroll of enchant armour {unknown}
 F - a scroll of random uselessness {unknown}
 H - a scroll of enchant weapon
 I - a scroll of blinking
Potions
 b - a potion of might
 j - 4 potions of curing
 k - 2 potions of mutation
 q - 3 potions of heal wounds
 r - 2 potions of resistance
 t - a potion of ambrosia
 u - a potion of attraction
 z - 2 potions of lignification {unknown}
 A - a potion of invisibility
 B - a potion of brilliance {unknown}
 J - a potion of berserk rage {unknown}
Books
 v - a manual of Poison Magic


   Skills:
 - Level 5.0 Fighting
 - Level 3.4 Armour
 - Level 3.2 Dodging
 - Level 1.5 Stealth
 + Level 10.9 Unarmed Combat
 + Level 8.4 Invocations
 - Level 2.8 Evocations


You had 8 spell levels left.
You didn't know any spells.
Your spell library was empty.

Dungeon Overview and Level Annotations

Branches:
Dungeon (8/15)             Temple (1/1) D:4
   Lair: D:8-11

Altars:
Ashenzari
Cheibriados
Dithmenos
Elyvilon
Fedhas
Gozag
Kikubaaqudgha
Makhleb
Nemelex Xobeh
Okawaru
Qazlal
Ru
Sif Muna
Trog
Uskayaw
Vehumet
Wu Jian
Xom
Yredelemnul
Zin
The Shining One

Shops:
D:4 }[!?   D:5 }

Annotations:
D:7 2 runed translucent doors, HilariousDeathArtist's ghost, novice PaBe


Innate Abilities, Weirdness & Mutations

You reflexively headbutt those who attack you in melee.
You have a pair of horns on your head.


Message History

The cyclops shouts!
The cyclops throws a large rock.
The large rock completely misses you.
You see here a large rock.
A demon appears!
You can no longer hurl Makhleb's greater destruction.
The cyclops throws a large rock.
The large rock misses you.
You barely miss the orc warrior. You headbutt the orc warrior.
The orc warrior is lightly wounded.
The orc warrior hits you with a +0 battleaxe!
* * * LOW HITPOINT WARNING * * *
You hit the orc warrior. Your headbutt misses the orc warrior.
The orc warrior is lightly wounded.
Your orange demon stings the orc warrior from afar!
The orc warrior is poisoned.
Your orange demon poisons the orc warrior!
The orc warrior hits you with a +0 battleaxe!
* * * LOW HITPOINT WARNING * * *
The cyclops throws a large rock.
The large rock hits you!!!
Ouch! That really hurt!
You die...

..#..# ..#.#..# #.#.#
..#..# ####.#.#..#
#.#'### ###..# ..#.#.#..#
#...... #..#
#.#.#.#..####.....# #.#.
#.#.#.#..##.......# . .#.
#.#.#...##.......# ##
#.#.#...##.......#
#o#.#...##.......#
#@#.#...####......
#C...4#.#..†####......
...######.#........#....
### ..#....##..#....
....########..#..#<)#####
..............#..#..#
.........######..#..#
######.## #......#####
#####.######...........


You could see a cyclops, an orc warrior (very poisoned) and a friendly orange
demon (summoned).

Vanquished Creatures
  Harold (D:7)
  Duvessa (D:7)
  2 sky beasts (D:5)
  An ice beast (D:8)
  An eye of draining (D:8)
  A necrophage (D:8)
  3 ogres
  A centaur (D:7)
  4 bullfrogs
  3 scorpions
  3 killer bees (D:8)
  A centaur zombie (D:5)
  3 orc priests (D:5)
  3 hounds
  2 jellies (D:5)
  2 bullfrog skeletons (D:8)
  A centaur skeleton (D:4)
  2 iguanas
  5 orc wizards
  Natasha (D:3)
  7 worker ants
  A howler monkey skeleton (D:7)
  11 adders
  2 shadow imps
  2 white imps
  An ufetubus (D:7)
  4 worms
  5 dart slugs
  7 leopard geckos
  14 orcs
  3 ball pythons
  7 giant cockroaches
  14 goblins
  4 hobgoblins
  3 jackals
  6 quokkas
  8 bats
  3 frilled lizards
  A giant cockroach zombie (D:4)
  A jackal skeleton (D:6)
  A jackal zombie (D:8)
  9 kobolds
  10 rats
165 creatures vanquished.

Vanquished Creatures (collateral kills)
  Prince Ribbit (D:6)
  Sigmund (D:6)
  Edmund (D:6)
  Dowan (D:7)
  A hound (D:6)
  An adder (D:6)
  An ufetubus (D:6)
  A worm (D:6)
8 creatures vanquished.

Vanquished Creatures (others)
  2 jackals (D:4)
2 creatures vanquished.

Grand Total: 175 creatures vanquished

Notes
Turn   | Place    | Note
-------+----------+-------------------------------------------
     0 | D:1      | pkoi the Minotaur Monk began the quest for the Orb.
     0 | D:1      | Reached XP level 1. HP: 19/19 MP: 0/0
    89 | D:1      | Reached XP level 2. HP: 19/26 MP: 1/1
    99 | D:1      | Reached skill level 4 in Unarmed Combat
   225 | D:1      | You fall into a shaft and drop 1 floor!
   266 | D:2      | Found a bloodstained altar of Trog.
   272 | D:2      | Found a burning altar of Makhleb.
   282 | D:2      | Found a shimmering blue altar of Sif Muna.
   282 | D:2      | Found an ancient bone altar of Kikubaaqudgha.
   333 | D:2      | Became a worshipper of Makhleb the Destroyer
   333 | D:2      | Reached * piety under Makhleb
   333 | D:2      | Reached ** piety under Makhleb
   350 | D:2      | Reached XP level 3. HP: 20/31 MP: 2/2
   470 | D:2      | Reached skill level 1 in Invocations
   659 | D:2      | Reached XP level 4. HP: 33/39 MP: 3/3
   714 | D:2      | Reached skill level 5 in Unarmed Combat
   949 | D:2      | Found a faded altar of an unknown god.
  1301 | D:1      | Reached skill level 1 in Evocations
  1573 | D:3      | Reached skill level 1 in Armour
  1589 | D:3      | Reached *** piety under Makhleb
  1628 | D:3      | Reached XP level 5. HP: 45/45 MP: 5/5
  1750 | D:3      | Noticed Natasha
  1758 | D:3      | Killed Natasha
  1857 | D:3      | Found a glowing silver altar of Zin.
  1953 | D:3      | Noticed an ogre
  1973 | D:3      | Killed an ogre
  1974 | D:3      | Reached skill level 6 in Unarmed Combat
  1974 | D:3      | Reached XP level 6. HP: 21/51 MP: 5/7
  2049 | D:4      | Found Jaefryos's Gadget Emporium.
  2066 | D:4      | Reached **** piety under Makhleb
  2166 | D:4      | Found a radiant altar of Vehumet.
  2190 | D:4      | Found Coullem's Armour Shoppe.
  2231 | D:4      | Found Ogej's Distillery.
  2247 | D:4      | Bought a potion of mutation for 112 gold pieces
  2247 | D:4      | Bought a potion of attraction for 42 gold pieces
  2258 | D:4      | Found Voleda Depsi's Magic Scroll Emporium.
  2265 | D:4      | Found a snail-covered altar of Cheibriados.
  2344 | D:4      | Reached skill level 7 in Unarmed Combat
  2715 | D:4      | Found a staircase to the Ecumenical Temple.
  2726 | Temple   | Entered the Ecumenical Temple
  2979 | D:5      | Entered Level 5 of the Dungeon
  3046 | D:5      | Noticed a sky beast
  3066 | D:5      | Killed a sky beast
  3067 | D:5      | Reached XP level 7. HP: 37/58 MP: 8/8
  3123 | D:5      | Found a bloodstained altar of Trog.
  3324 | D:5      | Found Kocoddia's Gadget Emporium.
  3354 | D:5      | Reached XP level 8. HP: 67/67 MP: 10/10
  3438 | D:5      | Reached skill level 5 in Fighting
  3698 | D:6      | Noticed Edmund
  3710 | D:6      | Killed Edmund
  3711 | D:6      | Reached skill level 8 in Unarmed Combat
  3711 | D:6      | Found a radiant altar of Vehumet.
  3752 | D:6      | Reached skill level 5 in Invocations
  3784 | D:6      | Found an ornate altar of the Wu Jian Council.
  3784 | D:6      | Found a sparkling altar of Nemelex Xobeh.
  3836 | D:6      | Noticed Sigmund
  3850 | D:6      | Killed Sigmund
  3898 | D:6      | Noticed Prince Ribbit
  3932 | D:6      | Found a stormy altar of Qazlal.
  4345 | D:6      | Killed Prince Ribbit
  4346 | D:6      | Reached skill level 9 in Unarmed Combat
  4495 | D:7      | Reached XP level 9. HP: 74/74 MP: 12/12
  4497 | D:7      | Found a broken altar of Ashenzari.
  4661 | D:7      | Noticed HilariousDeathArtist's ghost (novice PaBe)
  4662 | D:7      | Found a large runed translucent door.
  4662 | D:7      | Found a large runed translucent door.
  4750 | D:7      | Noticed Harold
  4775 | D:7      | Killed Harold
  4776 | D:7      | Reached skill level 10 in Unarmed Combat
  4855 | D:7      | Noticed Dowan
  4855 | D:7      | Noticed Duvessa
  4870 | D:7      | Killed Duvessa
  4872 | D:7      | Killed Dowan
  5053 | D:7      | Found a glowing golden altar of the Shining One.
  5465 | D:8      | Noticed a cyclops
  5468 | D:8      | Hit by a large rock thrown by a cyclops

Illustrated notes

Levels and vault maps discovered:
D:1:      dpeg_arrival_orchard, layout_rooms
D:2:      layout_basic, grunt_temple_overflow_open,
          chequers_ecumenical_altar_twisty
D:3:      layout_rooms, lemuel_round_altar, minmay_ogre_servants, uniq_natasha
D:4:      layout_cave_pools, fiery_altar_vehumet,
          nicolae_overflow_hidden_temple, temple_hall, serial_shops, shop, shop,
          shop, nicolae_shop_stone, dk_noncrumbling_2,
          minmay_manual_mandibuliform
D:5:      layout_cave_pools, serial_rivers, chequers_serial_rivers_marsh,
          chequers_serial_rivers_micro_e, chequers_serial_rivers_micro_a,
          chequers_serial_rivers_micro_b, serial_shops, shop, minmay_holes,
          lemuel_altar_in_water
D:6:      layout_basic, grunt_qazlal_clouds, gammafunk_temple_overflow_pools,
          basic_altar, uniq_prince_ribbit1, uniq_sigmund, uniq_edmund
D:7:      layout_loops_ring, evilmike_ruin_ashenzari,
          nicolae_tso_swordbearing_angel, ebering_ghost_disaster_area,
          serial_glass, glass_columns_a, glass_columns_a,
          minmay_misc_feat_more_columns, uniq_duvessa, uniq_harold
D:8:      minmay_distorted_concentric_squares, layout_basic
Temple:   jpeg_temple_island

Skill      XL: |  1  2  3  4  5  6  7  8  9 |
---------------+----------------------------+-----
Unarmed Combat | 4 5 6 7 9 10 | 10.9
Invocations    | 1 2 3 4 6 8 |  8.4
Evocations     | 1 2 |  2.8
Armour         | 1 3 |  3.4
Fighting       | 4 5 |  5.0
Dodging        | |  3.2
Stealth        | |  1.5

Action                   |  1- 3 |  4- 6 |  7- 9 || total
-------------------------+-------+-------+-------++-------
Melee: Unarmed           |    63 |   248 |   271 ||   582
       Headbutt          |     5 |    47 |    54 ||   106
       Punch             |     1 |     5 |     6 ||    12
Invok: Lesser Servant of |       |       |     9 ||     9
  Use: Scroll            |       |    13 |       ||    13
Armor: Robe              |     5 |       |       ||     5
       Plate armour      |       |   138 |    89 ||   227
       Ring mail         |       |       |    24 ||    24
Dodge: Dodged            |    49 |    76 |    67 ||   192

Table legend: (Time is in decaauts)
 A = Elapsed time spent in this place.
 B = Non-inter-level travel time spent in this place.
 C = Inter-level travel time spent in this place.
 D = Time resting spent in this place.
 E = Time spent auto-exploring this place.
 F = Levels seen in this place.
 G = Mean time per level.
                   A        B        C        D        E       F      G
               +--------+--------+--------+--------+--------+-----+--------+
         Total |   5434 |   5215 |    219 |    384 |   3690 |   9 |  603.8 |
       Dungeon |   5188 |   4976 |    212 |    384 |   3452 |   8 |  648.5 |
        Temple |    245 |    239 |      6 |      0 |    238 |   1 |  245.0 |
               +--------+--------+--------+--------+--------+-----+--------+

Top non-repeatable levels by time:
     D:2: 952 daAuts
     D:7: 789 daAuts
     D:6: 724 daAuts
     D:4: 718 daAuts
     D:5: 678 daAuts
     D:1: 548 daAuts
     D:3: 526 daAuts
     D:8: 250 daAuts
  Temple: 245 daAuts
